 Dungeon Crawl Stone Soup version 0.24-a0-479-g9a978d2894 (webtiles) character file.

Game seed: 12847602786880323684

481 toffzen the Ducker (level 6, -3/52 HPs)
             Began as a Minotaur Air Elementalist on July 8, 2019.
             Slain by Menkaure (17 damage)
             ... on level 4 of the Dungeon.
             The game lasted 00:10:44 (4420 turns).

toffzen the Ducker (Minotaur Air Elementalist)      Turns: 4420, Time: 00:10:45

Health: -3/52      AC: 11    Str: 15    XL:     6   Next: 87%
Magic:  7/7        EV: 13    Int: 12    God:
Gold:   290        SH:  0    Dex: 15    Spells: 7/7 levels left

rFire    . . .     SeeInvis +   b - +2 short sword (holy)
rCold    . . .     Gourm    .   (no shield)
rNeg     . . .     Faith    .   f - +0 chain mail {MR+}
rPois    .         Spirit   .   (helmet restricted)
rElec    .         Reflect  .   (no cloak)
rCorr    .         Harm     .   y - +0 pair of gloves
MR       +....                  C - +0 pair of boots
Stlth    ..........             k - amulet of regeneration
HPRegen  0.57/turn              (no ring)
MPRegen  0.10/turn              o - ring of see invisible

@: agile, about to teleport
A: retaliatory headbutt, horns 2
a: no special abilities


You were on level 4 of the Dungeon.
You were hungry.

You visited 1 branch of the dungeon, and saw 4 of its levels.

You collected 290 gold pieces.

Inventory:

Hand Weapons
 a - a +0 hand axe
 b - a +2 short sword of holy wrath (weapon)
 i - a cursed -3 spear
 w - a +0 war axe
 z - a +1 vampiric falchion
Missiles
 e - 99 stones (quivered)
 g - 72 sling bullets
 t - 5 boomerangs
 B - 17 poisoned darts
Armour
 f - a +0 chain mail of magic resistance (worn)
 x - a +2 chain mail of cold resistance
 y - a +0 pair of gloves (worn)
 C - a +0 pair of boots (worn)
Jewellery
 h - a +4 ring of intelligence
 k - an amulet of regeneration (around neck)
 o - a ring of see invisible (right hand)
Wands
 p - a wand of iceblast (6)
Scrolls
 d - a scroll of remove curse
 q - 2 scrolls of fog
 r - a scroll of enchant armour {unknown}
 A - a scroll of identify
 D - a scroll of amnesia
Potions
 j - a potion of magic
 l - 2 potions of mutation {unknown}
 n - a potion of brilliance
 s - a potion of lignification {unknown}
 v - a potion of haste {unknown}
Comestibles
 c - 8 rations


   Skills:
 + Level 4.0 Fighting
 - Level 4.0 Axes
 + Level 4.0 Armour
 + Level 4.4 Dodging
 - Level 1.5 Stealth
 - Level 1.3 Spellcasting
   Level 0.6 Conjurations
   Level 2.1 Air Magic


You had 7 spell levels left.
You didn't know any spells.
Your spell library contained the following spells:

 Spells                   Type           Power        Failure   Level  Hunger
 Shock                    Conj/Air       #...         97%         1    ##.....
 Swiftness                Chrm/Air       #.......     99%         2    ###....
 Static Discharge         Conj/Air       #.......     100%        3    ####...
 Airstrike                Air            #.........   100%        4    #####..
 Lightning Bolt           Conj/Air       #.........   100%        5    ######.


Dungeon Overview and Level Annotations

Branches:
Dungeon (4/15)
 Temple: D:4-7

Altars:
Fedhas
Hepliaklqana
Makhleb
Sif Muna
Yredelemnul

Annotations:
D:3 3 runed translucent doors, zikan's ghost, amateur SpEn
D:4 Menkaure


Innate Abilities, Weirdness & Mutations

You reflexively headbutt those who attack you in melee.
You have a pair of horns on your head.


Message History

You closely miss Menkaure. Menkaure hits you!
You hit Menkaure but do no damage. Menkaure hits you.
You hit Menkaure.
Menkaure convulses.
Menkaure is lightly damaged.
Menkaure barely misses you.
Menkaure shouts, "Why can't you leave me to my rest?"
Menkaure hits you!!
You feel agile all of a sudden.
Menkaure grins.
Menkaure gestures at you while chanting.
You resist with some effort.
You barely miss Menkaure.
You headbutt Menkaure, but do no damage.
Menkaure is lightly damaged.
Menkaure calls on the powers of darkness!
Your body is wracked with pain!
* * * LOW HITPOINT WARNING * * *
As you read the scroll of teleportation, it crumbles to dust.
You feel strangely unstable. Menkaure hits you!
You die...

####### ########### ######
#.....# #.........# .....#
#.....# #####.........# .....#
#.....# #.............#### .....#
#...### #.............#...
.....###...#####M.!..........#...
................@###.........#...
##...............# #.........#...
#..(............# #.........#...
#..############## #....M........
#..# #........# #########....#
##..####........######.....#....#
.................._#.......#....#
....####........######.....#....#
....# #........# #.#....##.....


You could see Menkaure.

Vanquished Creatures
  A bullfrog (D:4)
  A scorpion (D:4)
  A crimson imp (D:3)
  An orc priest (D:4)
  2 hounds
  An orc wizard (D:4)
  A worker ant (D:4)
  5 adders
  3 oozes
  An adder skeleton (D:4)
  2 worms
  3 dart slugs
  5 leopard geckos
  15 orcs
  2 ball pythons (D:4)
  2 giant cockroaches
  2 gnoll zombies (D:4)
  8 goblins
  6 hobgoblins
  7 jackals
  12 kobolds
  A quokka (D:2)
  A ball python skeleton (D:4)
  17 bats
  6 frilled lizards
  7 rats
113 creatures vanquished.

Notes
Turn   | Place    | Note
-------+----------+-------------------------------------------
     0 | D:1      | toffzen the Minotaur Air Elementalist began the quest for
                  | the Orb.
     0 | D:1      | Reached XP level 1. HP: 14/14 MP: 1/1
   249 | D:1      | Reached skill level 1 in Fighting
   249 | D:1      | Reached skill level 1 in Armour
   251 | D:1      | Reached XP level 2. HP: 20/23 MP: 3/3
   551 | D:1      | Reached XP level 3. HP: 19/29 MP: 4/4
  1397 | D:2      | Reached skill level 1 in Axes
  1507 | D:2      | Reached XP level 4. HP: 23/36 MP: 5/5
  2261 | D:3      | Reached XP level 5. HP: 24/42 MP: 6/6
  2337 | D:3      | Found a burning altar of Makhleb.
  2401 | D:3      | Found a blossoming altar of Fedhas.
  2406 | D:3      | Found a deep blue altar of Sif Muna.
  2544 | D:3      | Found a hazy altar of Hepliaklqana.
  3012 | D:3      | Found a runed translucent gate.
  3013 | D:3      | Found a runed translucent gate.
  3013 | D:3      | Found a runed translucent gate.
  3014 | D:3      | Noticed zikan's ghost (amateur SpEn)
  3448 | D:4      | Noticed Menkaure
  3538 | D:4      | Reached XP level 6. HP: 49/51 MP: 7/7
  3607 | D:4      | Found a basalt altar of Yredelemnul.
  4420 | D:4      | Slain by Menkaure

Levels and vault maps discovered:
D:1:      minmay_arrival_stone_box, layout_rooms
D:2:      layout_basic
D:3:      layout_loops_ring, overflow_temple_1_default,
          minmay_overflow_temple_star_quad, ebering_ghost_rock_garden,
          first_ration, serial_forest, infiniplex_forest_clump_small,
          infiniplex_forest_clump_small, infiniplex_forest_lined_3,
          infiniplex_forest_join, kennysheep_potato
D:4:      layout_basic, lemuel_zombie_altar_yredelemnul, columned_hall_lemuel,
          uniq_menkaure

Skill      XL: |  1  2  3  4  5  6 |
---------------+-------------------+-----
Fighting       | 1 2 3 4 |  4.0
Armour         | 1 2 3 4 |  4.0
Dodging        | 3 4 |  4.4
Axes           | 1 2 3 4 |  4.0
Stealth        | |  1.5
Spellcasting   | |  1.3
Conjurations   | |  0.6
Air Magic      | |  2.1

Action                   |  1- 3 |  4- 6 || total
-------------------------+-------+-------++-------
Melee: Unarmed           |    12 |       ||    12
       Short sword       |   113 |   237 ||   350
       Headbutt          |    12 |    46 ||    58
       Falchion          |       |    18 ||    18
Throw: Stone             |     4 |     6 ||    10
  Use: Scroll            |     5 |     9 ||    14
       Potion            |       |     2 ||     2
  Eat: Chunk             |     2 |     9 ||    11
Armor: Robe              |    16 |       ||    16
       Chain mail        |    38 |   149 ||   187
Dodge: Dodged            |    66 |   103 ||   169
       Rpst.: Falchion   |       |     2 ||     2

Table legend:
 A = Non-vault XP
 B = Vault XP
 C = Vault XP percentage of total XP
 D = Non-vault monster count
 E = Vault monster count
 F = Vault count percentage of total count
                 A         B        C        D         E       F
            +---------+---------+-------+---------+---------+-------
      Total |     679 |       9 |   1.3 |     108 |       5 |   4.4
            +---------+---------+-------+---------+---------+-------
        D:1 |      54 |       0 |   0.0 |      33 |       0 |   0.0
        D:2 |     125 |       0 |   0.0 |      22 |       0 |   0.0
        D:3 |     143 |       5 |   3.4 |      34 |       3 |   8.1
        D:4 |     357 |       4 |   1.1 |      19 |       2 |   9.5
            +---------+---------+-------+---------+---------+-------
